 Dungeon Crawl Stone Soup version 0.27.0-66-gdc8fb28755 (webtiles) character file.

Game seed: 9718263229505811198

9975 funkygono the Arsonist (level 11, 0/64 HPs)
             Began as a Gargoyle Fire Elementalist on Aug 20, 2021.
             Was a Believer of Vehumet.
             Slain by a skeletal warrior (12 damage)
             ... led by a skeletal warrior
             ... on level 8 of the Dungeon.
             The game lasted 00:34:16 (12445 turns).

funkygono the Arsonist (GrFE)                      Turns: 12445, Time: 00:34:16

Health: 0/64       AC: 28    Str: 13    XL:     11   Next: 54%
Magic:  1/23       EV: 13    Int: 18    God:    Vehumet [**....]
Gold:   195        SH:  0    Dex: 10    Spells: 1/26 levels left

rFire    . . .     SeeInvis .   y - +2 whip (elec)
rCold    . . .     Faith    .   (no shield)
rNeg     + . .     Spirit   .   a - +0 robe
rPois    ∞         Reflect  .   (no helmet)
rElec    +         Harm     .   L - +2 cloak
rCorr    .         Rampage  ∞   d - +2 pair of gloves
Will     .....                  s - +3 pair of seven-league boots {Rampage+∞}
Stlth    ++........             (no amulet)
HPRegen  0.20/turn              b - +4 ring of protection
MPRegen  0.18/turn              q - +4 ring of protection

@: no status effects
A: sickness immunity, AC +8, negative energy resistance 1, electricity
resistance, torment resistance 1, petrification resistance
a: Renounce Religion


You were on level 8 of the Dungeon.
You worshipped Vehumet.
Vehumet was pleased with you.
You visited 1 branch of the dungeon, and saw 9 of its levels.
You also visited: Sewer.

You collected 595 gold pieces.
You spent 400 gold pieces at shops.

Inventory:

Hand Weapons
 j - a +5 whip of venom
 l - a +2 whip of distortion
 o - a +0 whip of freezing
 y - a +2 whip of electrocution (weapon)
 J - a +3 mace
 K - a +4 quarterstaff of chaos
 M - the +5 mace "Killer Klown's Peril" {vorpal, +Rage rCorr Stlth+}
   (You found it on level 5 of the Dungeon)

   It inflicts extra damage upon your enemies.
   +Rage:     It lets you go berserk.
   rCorr:     It protects you from acid and corrosion.
   Stlth:     It makes you more stealthy.
 N - a +2 flail of protection
 Q - a +5 spectral quarterstaff
Missiles
 g - 215 stones
Armour
 a - a +0 robe (worn)
 d - a +2 pair of gloves (worn)
 n - a +0 troll leather armour
 s - the +3 pair of seven-league boots (worn) {Rampage+∞}
   (You bought it in a shop on level 5 of the Dungeon)

   Its wearer moves as far as possible in that direction when moving towards
   enemies.
 t - the +1 chain mail of the Ten Tables {Fly rC+ rCorr Dex-4}
   (You took it off an orc on level 4 of the Dungeon)

   Dex:       It affects your dexterity (-4).
   rC:        It protects you from cold.
   Fly:       It grants you flight.
   rCorr:     It protects you from acid and corrosion.
 D - a scarf of harm
 L - a +2 cloak (worn)
 S - a +0 buckler
 U - a +1 leather armour of willpower
Magical Staves
 i - a staff of cold
 E - a staff of air
 R - a staff of conjuration
Jewellery
 b - a +4 ring of protection (left hand)
 c - a +4 ring of protection
 q - a +4 ring of protection (right hand)
 x - an amulet of reflection
 F - a +4 ring of protection
 X - a +4 ring of protection
Wands
 e - a wand of polymorph (14)
 p - a wand of digging (3)
 P - a wand of flame (10)
 V - a wand of iceblast (9)
Scrolls
 m - 3 scrolls of blinking
 u - 4 scrolls of teleportation
 G - a scroll of magic mapping
 H - 4 scrolls of identify
 I - a scroll of holy word
 T - 2 scrolls of amnesia
Potions
 f - 3 potions of cancellation
 h - 2 potions of attraction
 k - 2 potions of curing
 r - 2 potions of ambrosia
 v - 5 potions of brilliance
 w - 3 potions of mutation
 z - 2 potions of resistance
 A - a potion of magic
 B - a potion of invisibility
 C - 3 potions of haste
 O - 3 potions of lignification
 Y - 2 potions of might


   Skills:
 + Level 5.3 Fighting
 + Level 6.7 Maces & Flails
 + Level 5.4 Dodging
 - Level 2.1 Stealth
 + Level 8.0 Spellcasting
 + Level 8.6 Conjurations
 + Level 8.8 Fire Magic
 + Level 2.5 Ice Magic
 * Level 5.4 Earth Magic


You had one spell level left.
You knew the following spells:

 Your Spells              Type           Power      Damage    Failure   Level
a - Foxfire               Conj/Fire      100%       2x1d9     1%          1
b - Conjure Flame         Conj/Fire      38%        6-21      1%          3
c - Sticky Flame          Conj/Fire      38%        2d6       2%          4
d - Fireball              Conj/Fire      19%        3d9       8%          5
e - Searing Ray           Conj           76%        3d6       1%          2
f - Freeze                Ice            64%        1d8       3%          1
g - Frozen Ramparts       Ice            32%        1d5       11%         3
h - Sandblast             Erth           52%        2d12      1%          1
i - Bolt of Magma         Conj/Fire/Erth 17%        4d9       12%         5

Your spell library contained the following spells:

 Spells                   Type           Power      Damage    Failure   Level
 Magic Dart               Conj           100%       1d8       1%          1
 Animate Skeleton         Necr           14%        N/A       10%         1
 Apportation              Tloc           14%        N/A       10%         1
 Corona                   Hex            7%         N/A       10%         1
 Summon Small Mammal      Summ           28%        N/A       10%         1
 Static Discharge         Conj/Air       22%        N/A       2%          2
 Inner Flame              Hex/Fire       23%        N/A       4%          3
 Ensorcelled Hibernation  Hex/Ice        22%        N/A       9%          2
 Ignite Poison            Fire/Tmut/Pois 17%        N/A       9%          3
 Mephitic Cloud           Conj/Pois/Air  17%        N/A       9%          3
 Fulminant Prism          Conj/Hex       11%        3d9       16%         4
 Gell's Gravitas          Tloc           3%         N/A       28%         3
 Lesser Beckoning         Tloc           3%         N/A       28%         3
 Teleport Other           Tloc           7%         N/A       28%         3
 Tukima's Dance           Hex            7%         N/A       28%         3
 Petrify                  Tmut/Erth      16%        N/A       32%         4
 Ice Form                 Ice/Tmut       11%        N/A       50%         4
 Summon Ice Beast         Ice/Summ       11%        N/A       50%         4
 Metabolic Englaciation   Hex/Ice        5%         N/A       85%         5
 Chain Lightning          Conj/Air       11%        3d14      100%        9
 Statue Form              Tmut/Erth      Unusable   N/A       N/A         6

Dungeon Overview and Level Annotations

Branches:
Dungeon (9/15)             Temple (0/1) D:7           Sewer (visited)
   Lair: D:8-11         Orc: D:9-12

Altars:
Ashenzari
Dithmenos
Kikubaaqudgha
Okawaru
Ru
Sif Muna
Vehumet

Shops:
D:3 (   D:5 [*   D:7 :

Annotations:
D:8 2 transporters


Innate Abilities, Weirdness & Mutations

You are immune to sickness and miasma.
Your stone body is resilient. (AC +8)
You are immune to poison.
You resist negative energy. (rN+)
You are resistant to electric shocks. (rElec)
You are resistant to unholy torment.
You are immune to petrification.


Message History

The skeletal warrior is almost destroyed.
Casting: Foxfire (safe; 1% risk of failure)
Confirm with . or Enter, or press ? or * to list all spells.
You conjure some foxfire!
Casting: Foxfire (safe; 1% risk of failure)
Confirm with . or Enter, or press ? or * to list all spells.
You conjure some foxfire!
The foxfire hits the skeletal warrior.
The skeletal warrior is lightly damaged.
The foxfire hits the skeletal warrior but does no damage.
The skeletal warrior is almost destroyed.
The skeletal warrior hits you but does no damage.
The skeletal warrior hits you from afar with a +0 trident!
* * * LOW HITPOINT WARNING * * *
Your foxfire dissipates!
The foxfire hits the skeletal warrior but does no damage.
The skeletal warrior is lightly damaged.
The skeletal warrior completely misses you.
There is a stone staircase leading up here.
There is a stone staircase leading up here.
Casting: Foxfire (safe; 1% risk of failure)
Confirm with . or Enter, or press ? or * to list all spells.
You conjure some foxfire!
The foxfire hits the skeletal warrior but does no damage.
The skeletal warrior misses you.
The foxfire hits the skeletal warrior but does no damage.
The skeletal warrior hits you from afar with a +0 trident!
* * * LOW HITPOINT WARNING * * *
You climb upwards.
Level annotation: 2 transporters
There is a stone staircase leading down here.
Casting: Foxfire (safe; 1% risk of failure)
Confirm with . or Enter, or press ? or * to list all spells.
Aiming: Sticky Flame (dangerous; 2% risk of failure)
Press: ? - help, Shift-Dir - straight line, f - skeletal warrior
Aim: a skeletal warrior, wielding a +0 short sword (100% to hit)
The sticky flame hits the skeletal warrior but does no damage.
The skeletal warrior is covered in liquid flames!
The skeletal warrior burns!
The skeletal warrior hits you with a +0 short sword!
You die...

#......# #.#.#
##......# #.(.#
.......[# ##[[#
........# ##..#####
........#####.......#
##.....†..).#...###.###
#......###.#.#.###...#
####.### #.#.#z.####.#
#.#####.#.#.@.....#
#.#...#.#.#########
#.#.#.#.#.# #.#.#.#.#.#
#.#.#.#.#.# #.#.#.#.#.#
#.#.#.#.#.# #.#..<..#.#
#.#######.#


You could see a skeletal warrior (burning).

Vanquished Creatures
  Harold (D:8)
  A skeletal warrior (D:9)
  A deep elf pyromancer (D:9)
  Pikel (D:4)
  Joseph (D:7)
  A troll (D:8)
  Grinder (D:4)
  A hornet (D:8)
  Prince Ribbit (D:8)
  Eustachio (D:5)
  16 yaks
  A water moccasin (D:5)
  2 orc warriors
  A hornet zombie (D:7)
  An ice beast (D:6)
  2 sky beasts
  6 centaurs
  2 ogres (D:5)
  A lemure (D:4)
  4 kobold brigands
  4 bullfrogs
  A gnoll sergeant (D:7)
  A water moccasin zombie (D:5)
  3 scorpions
  A water moccasin skeleton (D:4)
  12 killer bees
  2 bullfrog zombies
  2 jellies
  5 hounds
  4 centaur zombies
  Crazy Yiuf (D:5)
  4 centaur skeletons
  A gnoll shaman (D:7)
  A bullfrog skeleton (D:7)
  Ijyb (D:4)
  4 orc priests
  3 iguanas
  9 orc wizards
  A scorpion zombie (D:5)
  17 gnolls
  9 adders
  A howler monkey skeleton (D:5)
  8 river rats (Sewer)
  3 ufetubi (D:4)
  An adder skeleton (D:4)
  A worm (D:2)
  A dart slug (D:5)
  25 orcs
  8 bats
  7 endoplasms
  7 giant cockroaches
  9 hobgoblins
  4 jackals
  36 kobolds
  6 quokkas
  13 ball pythons
  5 frilled lizards
  13 goblins
  23 rats
303 creatures vanquished.

Vanquished Creatures (others)
  1050 foxfires
1050 creatures vanquished.

Grand Total: 1353 creatures vanquished

Notes
Turn   | Place    | Note
-------+----------+-------------------------------------------
     0 | D:1      | funkygono the Gargoyle Fire Elementalist began the quest
                  | for the Orb.
     0 | D:1      | Reached XP level 1. HP: 10/10 MP: 3/3
   308 | D:1      | Reached XP level 2. HP: 15/15 MP: 1/5
   780 | D:1      | Reached XP level 3. HP: 19/19 MP: 4/6
   784 | D:1      | Learned a level 3 spell: Conjure Flame
  1116 | D:1      | Reached skill level 5 in Fire Magic
  1116 | D:1      | Reached XP level 4. HP: 29/29 MP: 7/10
  1147 | D:1      | Learned a level 4 spell: Sticky Flame
  1992 | D:2      | Reached XP level 5. HP: 33/33 MP: 7/11
  2073 | D:2      | Found a faded altar of an unknown god.
  2618 | D:3      | Reached XP level 6. HP: 38/38 MP: 1/12
  2832 | D:3      | Found Rekymam's Antique Weapon Shoppe.
  2839 | D:3      | Learned a level 5 spell: Fireball
  2889 | D:3      | Found a sacrificial altar of Ru.
  2942 | D:3      | Found a broken altar of Ashenzari.
  3129 | D:4      | Noticed Pikel
  3173 | D:4      | Killed Pikel
  3174 | D:4      | Reached skill level 5 in Spellcasting
  3174 | D:4      | Reached skill level 5 in Conjurations
  3174 | D:4      | Reached XP level 7. HP: 33/43 MP: 3/14
  3280 | D:4      | Noticed Ijyb
  3286 | D:4      | Killed Ijyb
  3310 | D:4      | Identified the +1 chain mail of the Ten Tables {Fly rC+
                  | rCorr Dex-4}
  3353 | D:4      | Found a glowing drain.
  3368 | D:4      | Reached XP level 8. HP: 34/48 MP: 1/15
  3446 | Sewer    | Entered a sewer
  4527 | D:4      | Noticed Grinder
  4534 | D:4      | Paralysed by Grinder for 7 turns
  4542 | D:4      | Killed Grinder
  5458 | D:4      | Learned a level 2 spell: Searing Ray
  5498 | D:5      | Entered Level 5 of the Dungeon
  5535 | D:5      | Reached XP level 9. HP: 47/52 MP: 17/17
  5575 | D:5      | Found Emeesiuz's Armour Shop.
  5830 | D:5      | Found Umi Hoo's General Store.
  6479 | D:5      | Found a shadowy altar of Dithmenos.
  6608 | D:5      | Found a runed translucent door.
  6609 | D:5      | Noticed Crazy Yiuf
  6622 | D:5      | Killed Crazy Yiuf
  6643 | D:5      | Identified the +5 mace "Killer Klown's Peril" {vorpal,
                  | +Rage rCorr Stlth+}
  6838 | D:5      | Noticed Eustachio
  6856 | D:5      | Killed Eustachio
  6929 | D:5      | Bought the +3 pair of seven-league boots {Rampage+∞} for
                  | 400 gold pieces
  6929 | D:5      | Found the +3 pair of seven-league boots {Rampage+∞}
  7512 | D:6      | Found a radiant altar of Vehumet.
  7537 | D:6      | Became a worshipper of Vehumet
  7721 | D:7      | Noticed Joseph
  7736 | D:7      | Killed Joseph
  7737 | D:7      | Reached skill level 5 in Maces & Flails
  7737 | D:7      | Reached XP level 10. HP: 58/58 MP: 11/20
  7788 | D:7      | Found a shimmering blue altar of Sif Muna.
  8306 | D:7      | Reached skill level 5 in Fighting
  8638 | D:7      | Found a staircase to the Ecumenical Temple.
  8799 | D:7      | Found an iron altar of Okawaru.
  8801 | D:7      | Reached * piety under Vehumet
  8801 | D:7      | Offered knowledge of Freeze by Vehumet.
  8815 | D:7      | Learned a level 3 spell: Frozen Ramparts
  8892 | D:7      | Reached skill level 5 in Dodging
  9156 | D:7      | Found Qaqaad's Book Shop.
  9225 | D:7      | Learned a level 1 spell: Freeze
  9247 | D:8      | Noticed Harold
  9251 | D:8      | Reached skill level 1 in Ice Magic
  9653 | D:8      | Found a transporter.
  9682 | D:8      | Found a transporter.
  9781 | D:8      | Killed Harold
  9782 | D:8      | Reached XP level 11. HP: 14/63 MP: 6/22
 10265 | D:8      | Noticed Prince Ribbit
 10277 | D:8      | Killed Prince Ribbit
 10395 | D:8      | Learned a level 5 spell: Bolt of Magma
 10446 | D:8      | Reached ** piety under Vehumet
 10446 | D:8      | Offered knowledge of Sandblast by Vehumet.
 10494 | D:8      | Found an ancient bone altar of Kikubaaqudgha.
 10699 | D:8      | Learned a level 1 spell: Sandblast
 10720 | D:9      | Noticed a skeletal warrior
 10746 | D:9      | HP: 2/63 [skeletal warrior[a skeletal warrior] (15)]
 11130 | D:9      | Got the Reference Book on Evil Arts and Flight
 11141 | D:9      | Noticed a skeletal warrior
 11142 | D:9      | Noticed a skeletal warrior
 11944 | D:9      | Reached skill level 5 in Earth Magic
 12098 | D:9      | Killed a skeletal warrior
 12377 | D:9      | Noticed a deep elf pyromancer
 12386 | D:9      | Killed a deep elf pyromancer
 12445 | D:8      | Slain by a skeletal warrior

Illustrated notes

Levels and vault maps discovered:
D:1:      minmay_arrival_jagged, layout_loops_ring, minmay_pentomino_u2
D:2:      layout_basic, chequers_ecumenical_altar_lobes,
          chequers_serial_rivers_room_a
D:3:      layout_rooms, mainiacjoe_overflow_cross_hatched,
          mainiacjoe_overflow_tiny_flanked, serial_shops,
          nicolae_lakefront_shop, st_stairs_9, grunt_ministairs_6
D:4:      layout_basic, gup_sewer_entry_pipe, minmay_joined_circles, uniq_pikel,
          uniq_grinder, uniq_ijyb
D:5:      layout_loops_ring, mainiacjoe_overflow_paths, serial_shops, shop,
          shop_coins, minmay_chambers_of_fives, uniq_eustachio,
          uniq_crazy_yiuf_cottage
D:6:      layout_basic, vehumet_crystals
D:7:      nicolae_whirlpool, layout_loops_cross, nicolae_sif_muna_condensation,
          okawaru_altar_gauntlet_db, minmay_temple_entry_gardened_gates,
          serial_shops, nicolae_diamond_shop, enter_bailey_3, kennysheep_potato,
          uniq_joseph
D:8:      gammafunk_cloud_chamber, layout_basic,
          mainiacjoe_overflow_small_starburst, uniq_harold, uniq_prince_ribbit1
D:9:      kb_forest_paths, layout_long_grid, orc_0_dummy, minivault_28

Skill      XL: |  1  2  3  4  5  6  7  8  9 10 11 |
---------------+----------------------------------+-----
Fighting       | 4 5 |  5.3
Maces & Flails | 3 4 5 6 |  6.7
Dodging        | 3 4 5 |  5.4
Spellcasting   | 4 5 6 7 8 |  8.0
Conjurations   | 4 5 6 7 8 |  8.6
Fire Magic     | 5 6 7 8 |  8.8
Earth Magic    | 4 5 |  5.4
Ice Magic      | 2 |  2.5
Stealth        | |  2.1

Action                   |  1- 3 |  4- 6 |  7- 9 | 10-12 || total
-------------------------+-------+-------+-------+-------++-------
Melee: Unarmed           |     5 |       |       |       ||     5
       Whip              |     8 |    24 |   117 |     7 ||   156
       Club              |     1 |       |       |       ||     1
       Mace              |       |       |    22 |   166 ||   188
 Cast: Foxfire           |    36 |    82 |   266 |   240 ||   624
       Conjure Flame     |       |     1 |     5 |     2 ||     8
       Sticky Flame      |       |       |     1 |    23 ||    24
       Fireball          |       |       |       |     9 ||     9
       Frozen Ramparts   |       |       |       |     1 ||     1
  Use: Scroll            |     2 |     6 |    15 |     5 ||    28
       Potion            |     1 |       |       |     3 ||     4
 Stab: Sleeping          |       |     1 |       |     2 ||     3
Armor: Robe              |    11 |     7 |    81 |   158 ||   257
Dodge: Dodged            |    10 |    18 |   102 |   191 ||   321
